 Dungeon Crawl Stone Soup version 0.31-a0-229-g1fc7ce93e2 (webtiles) character file.

Game seed: 13754887505701908086

123 qw the Shooter (level 4, -3/36 HPs)
             Began as a Minotaur Hexslinger on July 6, 2023.
             Constricted to death by Ijyb (7 damage)
             ... on level 3 of the Dungeon.
             The game lasted 00:00:46 (2451 turns).

qw the Shooter (Minotaur Hexslinger)                Turns: 2451, Time: 00:00:46

Health: -3/36      AC:  5    Str: 12    XL:     4   Next: 80%
Magic:  4/4        EV:  8    Int: 10    God:
Gold:   133        SH:  0    Dex: 15    Spells: 4/5 levels left

rFire   . . .        Y - +1 sling
rCold   . . .        (no shield)
rNeg    . . .        c - +0 ring mail
rPois   .            (helmet restricted)
rElec   .            (no cloak)
rCorr   .            (no gloves)
SInv    +            (no boots)
Will    .....        (no amulet)
Stlth   +            i - ring of see invisible
HPRegen 0.26/turn    (no ring)
MPRegen 0.09/turn

%: no passive effects
@: grasped by roots, constricted
A: horns 2, retaliatory headbutt
a: no special abilities


You were on level 3 of the Dungeon.
You visited 1 branch of the dungeon, and saw 3 of its levels.

You collected 133 gold pieces.


Innate Abilities, Weirdness & Mutations

You have a pair of horns on your head.
You reflexively headbutt those who attack you in melee.


   Skills:
 + Level 2.0 Fighting
 - Level 5.0 Ranged Weapons
 - Level 1.4 Armour
 - Level 2.1 Dodging
 - Level 1.0 Spellcasting
 - Level 2.0 Hexes


You had 4 spell levels left.
You knew the following spells:

 Your Spells              Type           Power      Damage    Failure   Level
a - Slow                  Hex            16%        N/A       32%         1

Your spell library contained the following spells:

 Spells                   Type           Power      Damage    Failure   Level
 Inner Flame              Hex/Fire       2%         N/A       83%         3
 Portal Projectile        Hex/Tloc       4%         N/A       83%         3
 Cause Fear               Hex            2%         N/A       97%         4

Inventory:

Hand Weapons
 Y - a +1 sling (weapon)
Armour
 c - a +0 ring mail (worn)
Jewellery
 i - a ring of see invisible (left hand)
Scrolls
 a - 2 scrolls of identify
 d - a scroll of enchant armour {unknown}
 g - a scroll of enchant weapon {unknown}
Potions
 b - a potion of attraction {unknown}
 e - a potion of haste {unknown}
 f - a potion of lignification {unknown}
 h - a potion of invisibility {unknown}

Dungeon Overview and Level Annotations

Branches:
Dungeon (3/15)

Altars:
Makhleb
Vehumet
Xom

Annotations:
D:3 2 runed translucent doors, Ijyb


Message History

Enter note:
Enter note:
Enter note:
Enter note:
Enter note:
Enter note:
Enter note:
Enter note:
Enter note:
Enter note:
Enter note:
Enter note: You shoot a sling bullet.
Ijyb shouts!
The sling bullet hits Ijyb but does no damage.
You shoot a sling bullet.
The sling bullet hits Ijyb but does no damage.
You shoot a sling bullet.
The sling bullet hits Ijyb but does no damage.
Ijyb zaps a wand.
The roots erupt in riotous growth!
The grasping roots grab you!
Ijyb is unaffected.
The grasping roots constrict you. Ijyb hits you with a +0 club.
The grasping roots constrict you!
You shoot a sling bullet.
The sling bullet hits Ijyb but does no damage.
Ijyb hits you with a +0 club. The grasping roots constrict you.
You shoot a sling bullet. The sling bullet hits Ijyb.
Ijyb is lightly wounded.
Ijyb hits you with a +0 club. The grasping roots constrict you!
The grasping roots release their grip on you.
You shoot a sling bullet.
The sling bullet hits Ijyb but does no damage.
Ijyb is lightly wounded.
Ijyb hits you with a +0 club.
You shoot a sling bullet. The sling bullet hits Ijyb.
Ijyb is lightly wounded.
Ijyb zaps a wand.
The roots erupt in riotous growth!
The grasping roots grab you!
Ijyb is unaffected.
The grasping roots constrict you!
You die...

###.....#.........##.#.#.#
# #.....#.........##.#.#.#
###.............#.##.#.#.#
................#.##.#.#.#
#..................#.#.#.#
#.#.............#..#.#.#.#
........................>#
##..###########g##########
................@.......
#........##..........###
......................#
..#.).....#...........#
.##.............#####.#
.##.............# #.#
................# #.#
................#####.#
...#########.......##.#


You could see Ijyb.

Vanquished Creatures
  A hound (D:3)
  4 adders
  A dart slug (D:3)
  8 bats
  6 endoplasms
  2 giant cockroaches (D:1)
  5 goblins
  2 hobgoblins
  4 kobolds
  A quokka (D:2)
  7 ball pythons
  7 frilled lizards
  9 rats
57 creatures vanquished.

Notes
Turn   | Place    | Note
-------+----------+-------------------------------------------
     0 | D:1      | qw the Minotaur Hexslinger began the quest for the Orb.
     0 | D:1      | Reached XP level 1. HP: 16/16 MP: 1/1
     0 | D:1      | 0 ||| qw: Version: 0.3-a-46-gb1f654a
     0 | D:1      | 0 ||| qw: Game counter: 1453
     0 | D:1      | 0 ||| qw: Melee chars always use a shield: true
     0 | D:1      | 0 ||| qw: God list: Okawaru
     0 | D:1      | 0 ||| qw: Allow faded altars: false
     0 | D:1      | 0 ||| qw: Do Orc after clearing Dungeon:15 true
     0 | D:1      | 0 ||| qw: Do second Lair branch before Depths: true
     0 | D:1      | 0 ||| qw: Lair rune preference: random
     0 | D:1      | 0 ||| qw: Goals: Normal
     0 | D:1      | 0 ||| PLANNING D:1-11
   243 | D:1      | Reached skill level 3 in Ranged Weapons
   243 | D:1      | Reached XP level 2. HP: 23/23 MP: 2/2
   402 | D:1      | 402 ||| UPGRADING to +0 leather armour.
   412 | D:1      | 412 ||| DROPPING +0 robe.
   769 | D:1      | 769 ||| READING 2 scrolls labelled TIDDEU ODEBLY.
   770 | D:1      | 770 ||| READING scroll labelled XUGRAGEO VUARO.
   771 | D:1      | 771 ||| READING scroll labelled SADISA CYOPAE.
   772 | D:1      | 772 ||| READING scroll labelled ROTORRELUP.
   773 | D:1      | 773 ||| DROPPING scroll of poison.
   924 | D:2      | Found a burning altar of Makhleb.
   937 | D:2      | Reached XP level 3. HP: 25/29 MP: 3/3
  1491 | D:2      | Reached skill level 4 in Ranged Weapons
  1699 | D:2      | 1699 ||| UPGRADING to +0 ring mail.
  1709 | D:2      | 1709 ||| DROPPING +0 leather armour.
  1710 | D:2      | 1710 ||| UPGRADING to ring of see invisible.
  1711 | D:2      | 1711 ||| READING scroll labelled YWNANU QYLIOBAORR.
  1922 | D:3      | Reached skill level 1 in Armour
  1932 | D:3      | Reached XP level 4. HP: 28/36 MP: 4/4
  2122 | D:3      | Found a large runed translucent door.
  2122 | D:3      | Found a large runed translucent door.
  2122 | D:3      | Found a shimmering altar of Xom.
  2202 | D:3      | Found a radiant altar of Vehumet.
  2221 | D:3      | Reached skill level 5 in Ranged Weapons
  2444 | D:3      | Noticed Ijyb
  2449 | D:3      | HP: 5/36 [constriction (7)]
  2451 | D:3      | Constricted to death by Ijyb

Levels and vault maps discovered:
D:1:      dpeg_arrival_signposts, layout_loops_ring, minmay_misc_feat_five
D:2:      layout_basic, basic_altar, nicolae_hexahallways
D:3:      due_chaos_kobolds, layout_basic, overflow_temple_1_default,
          st_stairs_6, hex_medium, uniq_ijyb

Skill      XL: |  1  2  3  4 |
---------------+-------------+-----
Ranged Weapons | 3 4 5 |  5.0
Fighting       | 2 |  2.0
Armour         | 1 |  1.4
Dodging        | |  2.1
Spellcasting   | |  1.0
Hexes          | |  2.0

Action                     |  1- 3 |  4- 6 || total
---------------------------+-------+-------++-------
   Fire: Sling             |   106 |    52 ||   158
    Use: Scroll            |     5 |       ||     5
 Armour: Robe              |     5 |       ||     5
         Leather armour    |     2 |       ||     2
         Ring mail         |     2 |    12 ||    14
  Dodge: Dodged            |    33 |    11 ||    44

Table legend:
 A = Non-vault XP
 B = Vault XP
 C = Vault XP percentage of total XP
 D = Non-vault monster count
 E = Vault monster count
 F = Vault count percentage of total count
                 A         B        C        D         E       F
            +---------+---------+-------+---------+---------+-------
      Total |     176 |       1 |   0.6 |      56 |       1 |   1.8
            +---------+---------+-------+---------+---------+-------
        D:1 |      32 |       0 |   0.0 |      21 |       0 |   0.0
        D:2 |      37 |       0 |   0.0 |      17 |       0 |   0.0
        D:3 |     107 |       1 |   0.9 |      18 |       1 |   5.3
            +---------+---------+-------+---------+---------+-------
